 Dungeon Crawl Stone Soup version 0.29-a0-553-g81b289dbe5 (webtiles) character file.

Game seed: 17385602601994264971

377 testman the Changer (level 7, -3/60 HPs)
             Began as a Meteoran Wanderer on June 6, 2022.
             Was a Follower of Ashenzari.
             Slain by a hornet (7 damage)
             ... on level 4 of the Dungeon.
             The game lasted 00:20:16 (1734 turns).

testman the Changer (Meteoran Wanderer)             Turns: 1734, Time: 00:20:17

Health: -3/60      AC:  3    Str: 14    XL:     7   Next: 25%
Magic:  9/13       EV: 11    Int: 17    God:    Ashenzari [*.....]
Gold:   160        SH:  0    Dex: 12    Spells: 8/13 levels left

rFire   . . .      SeeInvis .   o - +0 whip (freeze)
rCold   . . .      Faith    .   (no shield)
rNeg    . . .      Spirit   .   d - +0 robe of Ashenzari's Omen {Fort, Range} (curse)
rPois   .          Reflect  .   (no helmet)
rElec   .          Harm     .   (no cloak)
rCorr   .          Rampage  .   m - +0 pair of gloves "Shackled Together" {Bglg, Self} (curse)
Will    .....                   (no boots)
Stlth   +.........              (no amulet)
HPRegen 0.20/turn               (no ring)
MPRegen 0.13/turn               (no ring)

@: lethally poisoned (-3 -> -9), about to teleport, very slightly contaminated,
slowed, glowing, very slow
A: sense surroundings 1, otherworldly, glowing, explore regen
a: Renounce Religion, Shatter the Chains


You were on level 4 of the Dungeon.
You worshipped Ashenzari.
Ashenzari was aware of your devotion.
You visited 1 branch of the dungeon, and saw 5 of its levels.

You collected 160 gold pieces.

Inventory:

Hand Weapons
 a - a +0 club
 h - a +0 dagger
 o - a +0 whip of freezing (weapon)
Missiles
 i - a throwing net
Armour
 d - the cursed +0 robe of Ashenzari's Omen (worn) {Fort, Range}

   It has a curse which improves the following skills: Fortitude: Armour and
   Shields.
   Ranged Combat: Slings, Bows, Crossbows and Throwing.
 g - a +2 ring mail of cold resistance
 m - the cursed +0 pair of gloves "Shackled Together" (worn) {Bglg, Self}
   (You found it on level 3 of the Dungeon)

   It has a curse which improves the following skills: Beguiling: Conjurations,
   Hexes and Translocations.
   Introspection: Fighting and Spellcasting.
Wands
 b - a wand of polymorph (4)
Scrolls
 c - a scroll of enchant armour
 e - 3 scrolls of fog
 k - a scroll of noise
 l - a scroll of immolation
 n - a scroll of poison
 p - a scroll of silence


   Skills:
 - Level 3.8(4.6) Fighting
 - Level 1.2(1.8) Armour
 - Level 3.0 Unarmed Combat
 - Level 3.0(3.7) Spellcasting
 + Level 6.9 Transmutations
 - Level 4.0 Ice Magic
 - Level 1.2 Evocations


You had 8 spell levels left.
You knew the following spells:

 Your Spells              Type           Power      Damage    Failure   Level
a - Beastly Appendage     Tmut           52%        N/A       1%          1
b - Ice Form              Ice/Tmut       21%        N/A       17%         4

Your spell library contained the following spells:

 Spells                   Type           Power      Damage    Failure   Level
 Ignite Poison            Fire/Tmut/Pois 11%        N/A       19%         3
 Gell's Gravitas          Tloc           3%         N/A       43%         3
 Teleport Other           Tloc           3%         N/A       43%         3
 Dispersal                Tloc           1%         N/A       100%        6


Dungeon Overview and Level Annotations

Branches:
Dungeon (5/15)
 Temple: D:4-7

Altars:
Ashenzari
Gozag
Makhleb
Nemelex Xobeh
Okawaru
Ru
Sif Muna
Wu Jian
Zin

Shops:
D:4 ==

Annotations:
D:3 Sigmund


Innate Abilities, Weirdness & Mutations

You passively map a small area around you.
You are easily found by Zot.
You glow in the dark.
You regain HP and MP as you explore.


Message History

Found a +0 dagger.
Found a scroll of enchant armour.
You see here a scroll of enchant armour.
You see here a scroll of enchant armour.
Autopickup is now on.
c - a scroll of enchant armour
Casting: Ice Form (dangerous; 17% risk of failure)
Confirm with . or Enter, or press ? or * to list all spells.
You miscast Ice Form.
You are very lightly contaminated with residual magic.
Nothing appears to happen.
The hornet stings you!
You are poisoned.
You feel yourself slow down. What are your orders? t - Shout!
Orders for allies: a - Attack new target. r - Retreat! s - Stop attacking. g - Guard the area. f - Follow me.
Anything else - Cancel.
Retreat in which direction?
Press: ? - help, Dir - move target, f - you
Okay, then.
Unknown command.
Unknown command.
As you read the scroll of teleportation, it crumbles to dust.
You feel strangely unstable.
You feel very sick. The hornet stings you!
* * * LOW HITPOINT WARNING * * *
You suddenly lose the ability to move!
The hornet stings you.
* * * LOW HITPOINT WARNING * * *
You feel as though you will be slow longer.
You can move again.
You aren't carrying any potions.
Okay, then.
* * * LOW HITPOINT WARNING * * *
You feel very sick. The hornet barely misses you.
The hornet attacks as you move away! The hornet stings you!
You die...

**#...............##### #
#............>..# ##
##..........)....# #.
#####................######.
#..)................###.....
#.......................####
#........#####.#########....
#......#.#####.########..###
#.........y@.........##.##
########.#####........(.####
#.# #........#..... #.#
#.......####### ###
#.......# #.......#
#########


You could see a hornet.

Vanquished Creatures
  A water moccasin (D:4)
  A black bear (D:4)
  A hound (D:4)
  Terence (D:2)
  Robin (D:4)
  5 adders
  4 worms
  8 orcs
  5 ball pythons
  An endoplasm (D:1)
  A giant cockroach (D:1)
  10 goblins
  8 hobgoblins
  3 kobolds
  2 quokkas
  A bat (D:2)
  4 frilled lizards
  A rat (D:1)
58 creatures vanquished.

Notes
Turn   | Place    | Note
-------+----------+-------------------------------------------
     0 | D:1      | testman the Meteoran Wanderer began the quest for the Orb.
     0 | D:1      | testman set off with the following items: a +0 club, a wand
                  | of polymorph (4), a potion of heal wounds, a +0 robe, a
                  | scroll of fog; and the following spell memorised: Beastly
                  | Appendage; and the following spells available to memorise:
                  | Ignite Poison, Ice Form
     0 | D:1      | Reached XP level 1. HP: 17/17 MP: 3/3
    90 | D:1      | Reached XP level 2. HP: 21/25 MP: 5/5
   113 | D:1      | Reached skill level 1 in Unarmed Combat
   208 | D:2      | Reached XP level 3. HP: 25/30 MP: 7/7
   324 | D:2      | Found a faded altar of an unknown god.
   331 | D:2      | Prayed at the altar of an unknown god.
   331 | D:2      | Became a worshipper of Ru the Awakened
   365 | D:3      | Noticed Sigmund
   434 | D:2      | Reached XP level 4. HP: 35/38 MP: 7/9
   434 | D:2      | You fall into a shaft and drop 2 floors!
   535 | D:4      | Found a broken altar of Ashenzari.
   535 | D:4      | Found a glowing silver altar of Zin.
   535 | D:4      | Found a sparkling altar of Nemelex Xobeh.
   535 | D:4      | Found a shimmering blue altar of Sif Muna.
   535 | D:4      | Noticed Robin
   590 | D:4      | Killed Robin
   591 | D:4      | Reached XP level 5. HP: 13/45 MP: 8/10
   602 | D:4      | Found an ornate altar of the Wu Jian Council.
   602 | D:4      | Found an opulent altar of Gozag.
   625 | D:4      | Fell from the grace of Ru
   625 | D:4      | Became a worshipper of Ashenzari the Shackled
   727 | D:2      | Noticed Terence
   855 | D:3      | Learned a level 4 spell: Ice Form
   997 | D:2      | Killed Terence
   998 | D:2      | Reached skill level 1 in Ice Magic
  1250 | D:4      | Found an iron altar of Okawaru.
  1250 | D:4      | Found a burning altar of Makhleb.
  1276 | D:4      | Found Aritis's Jewellery Shoppe.
  1337 | D:4      | Noticed a black bear
  1351 | D:4      | Killed a black bear
  1352 | D:4      | Reached XP level 6. HP: 25/52 MP: 12/12
  1356 | D:5      | Entered Level 5 of the Dungeon
  1356 | D:5      | Noticed a yak
  1358 | D:5      | Noticed a yak
  1359 | D:5      | Noticed a yak
  1360 | D:5      | Noticed a yak
  1383 | D:4      | Found Xidojyer's Jewellery Boutique.
  1439 | D:4      | Reached * piety under Ashenzari
  1523 | D:5      | Noticed a water moccasin
  1523 | D:5      | Noticed a hornet
  1536 | D:4      | Killed a water moccasin
  1537 | D:4      | Reached XP level 7. HP: 40/58 MP: 8/12
  1568 | D:4      | Identified the cursed +0 pair of gloves "Shackled Together"
                  | {Bglg, Self} (You found it on level 3 of the Dungeon)
  1568 | D:4      | Identified the cursed +0 robe of Ashenzari's Omen {Fort,
                  | Range}
  1675 | D:4      | Paralysed by a hornet for 2 turns
  1682 | D:4      | HP: 1/69 [hornet (7)]
  1732 | D:4      | Paralysed by a hornet for 1 turns
  1734 | D:4      | Slain by a hornet

Illustrated notes

Levels and vault maps discovered:
D:1:      lemuel_arrival_broad_hall, layout_loops_ring, minmay_misc_feat_doors
D:2:      layout_rooms, dilly_ecumenical_altar_fadedgnrine, nicolae_wormholes,
          uniq_crazy_yiuf_cottage, uniq_terence
D:3:      layout_basic, uniq_sigmund
D:4:      layout_rooms, minmay_overflow_temple_hex,
          gammafunk_temple_overflow_elements, serial_shops, shop,
          minmay_shop_enchanted_jewellery, grunt_decor_arrowhead, uniq_robin
D:5:      layout_basic, minmay_ruined_shrine, uniq_menkaure, uniq_pikel

Skill      XL: |  1  2  3  4  5  6 |
---------------+-------------------+-----
Unarmed Combat | 1 2 3 |  3.0
Spellcasting   | 2 3 |  3.0
Fighting       | 3 |  3.8
Ice Magic      | 3 4 |  4.0
Armour         | |  1.2
Transmutations | |  6.9
Evocations     | |  1.2

Action                   |  1- 3 |  4- 6 |  7- 9 || total
-------------------------+-------+-------+-------++-------
Melee: Club              |    20 |       |       ||    20
       Headbutt          |    11 |    13 |       ||    24
       Dagger            |    62 |   109 |       ||   171
       Kick              |    11 |    27 |       ||    38
       Punch             |     1 |     7 |       ||     8
       Whip              |       |    47 |       ||    47
       Unarmed           |       |     5 |     2 ||     7
 Cast: Beastly Appendage |     9 |    10 |       ||    19
       Ice Form          |       |     1 |     1 ||     2
Invok: Curse Item        |       |     2 |       ||     2
  Use: Scroll            |       |     3 |     2 ||     5
       Potion            |       |       |     4 ||     4
Armor: Ring mail         |    44 |    65 |       ||   109
       Robe              |       |     5 |       ||     5
       Skin              |       |     1 |     9 ||    10
Dodge: Dodged            |    41 |    80 |     5 ||   126

Table legend: (Time is in decaauts)
 A = Elapsed time spent in this place.
 B = Non-inter-level travel time spent in this place.
 C = Inter-level travel time spent in this place.
 D = Time resting spent in this place.
 E = Time spent auto-exploring this place.
 F = Levels seen in this place.
 G = Mean time per level.
                   A        B        C        D        E       F      G
               +--------+--------+--------+--------+--------+-----+--------+
         Total |   1756 |   1648 |    108 |    358 |    417 |   5 |  351.2 |
       Dungeon |   1756 |   1648 |    108 |    358 |    417 |   5 |  351.2 |
               +--------+--------+--------+--------+--------+-----+--------+

Top non-repeatable levels by time:
     D:4: 737 daAuts
     D:3: 507 daAuts
     D:2: 269 daAuts
     D:1: 223 daAuts
     D:5: 19 daAuts
